 Dungeon Crawl Stone Soup version 0.26.0-90-g5fd8617961 (webtiles) character file.

Game seed: 8268390669612117125

144 Gadfly the Cudgeller (level 5, -1/50 HPs)
             Began as an Ogre Gladiator on Feb 2, 2021.
             Slain by a worker ant (8 damage)
             ... on level 3 of the Dungeon.
             The game lasted 00:05:43 (3758 turns).

Gadfly the Cudgeller (Ogre Gladiator)               Turns: 3758, Time: 00:05:43

Health: -1/50      AC:  3    Str: 19    XL:     5   Next: 27%
Magic:  6/6        EV: 10    Int:  9    God:
Gold:   113        SH:  0    Dex: 10    Spells: 4/4 levels left

rFire    . . .     SeeInvis +   a - +0 flail
rCold    . . .     Faith    .   (no shield)
rNeg     . . .     Spirit   .   b - +0 robe
rPois    .         Reflect  .   c - +0 hat
rElec    .         Harm     .   (no cloak)
rCorr    .         Rampage  .   (gloves unavailable)
Will     .....                  (boots unavailable)
Stlth    +.........             (no amulet)
HPRegen  0.16/turn              e - ring of see invisible
MPRegen  0.10/turn              (no ring)

@: lethally poisoned (-1 -> -9)
A: large, unfitting armour, tough skin 1
a: no special abilities


You were on level 3 of the Dungeon.
You visited 1 branch of the dungeon, and saw 3 of its levels.

You collected 113 gold pieces.

Inventory:

Hand Weapons
 a - a +0 flail (weapon)
Missiles
 d - 2 throwing nets
 n - 2 boomerangs (quivered)
Armour
 b - a +0 robe (worn)
 c - a +0 hat (worn)
Jewellery
 e - a ring of see invisible (left hand)
 k - an uncursed ring of ice
Scrolls
 h - 3 scrolls of magic mapping
 m - a scroll of teleportation
 o - a scroll of enchant armour {unknown}
Potions
 f - a potion of cancellation
 g - a potion of haste {unknown}
 i - 2 potions of curing
 j - a potion of might {unknown}
 p - a potion of magic {unknown}


   Skills:
 - Level 2.6 Fighting
 + Level 3.1 Maces & Flails
 + Level 2.5 Throwing
 * Level 1.8 Armour
 - Level 2.6 Dodging
 * Level 2.5 Invocations
 * Level 1.6 Evocations


You had 4 spell levels left.
You didn't know any spells.
Your spell library was empty.

Dungeon Overview and Level Annotations

Branches:
Dungeon (3/15)

Altars:


Innate Abilities, Weirdness & Mutations

You are too large for most types of armour.
You have tough skin. (AC +1)


Message History

The worker ant is lightly wounded.
The worker ant bites you.
You are more poisoned.
The worker ant poisons you! The worker ant bites you.
* * * LOW HITPOINT WARNING * * *
You hit the worker ant.
The worker ant is moderately wounded.
You feel sick. The worker ant bites you.
* * * LOW HITPOINT WARNING * * *
You are lethally poisoned!
The worker ant poisons you! The worker ant closely misses you.
You closely miss the worker ant.
The worker ant is moderately wounded.
* * * LOW HITPOINT WARNING * * *
You feel sick. The worker ant barely misses you.
You hit the worker ant.
The worker ant is severely wounded.
* * * LOW HITPOINT WARNING * * *
You feel sick. The worker ant bites you!
You die...

#.. ....# ## #..# #..######
#. #)......# #..
#....$..#.#.. #.#
######....†..........
#.####.....................
#......#####.#.............
#......##.@Bo#####........o
#......##.#### .........
#......##. ........
####......##. .......
#.........##.# ......B
#.###........# .### #.#
#....###### #..# #.. #.#
#..<......# #..# #.# #.#
#.....##### #(.# #.#


You could see a worker ant and an orc.

Vanquished Creatures
  A hound (D:3)
  2 adders (D:3)
  3 oozes
  3 worms
  5 leopard geckos
  2 orcs (D:3)
  5 bats
  4 giant cockroaches
  7 goblins
  9 hobgoblins
  A quokka (D:2)
  7 frilled lizards
  7 kobolds
  13 rats
69 creatures vanquished.

Notes
Turn   | Place    | Note
-------+----------+-------------------------------------------
     0 | D:1      | Gadfly the Ogre Gladiator began the quest for the Orb.
     0 | D:1      | Reached XP level 1. HP: 22/22 MP: 1/1
   157 | D:1      | HP: 1/22 [frilled lizard (1)]
   552 | D:1      | Reached XP level 2. HP: 29/29 MP: 2/2
   627 | D:1      | Reached skill level 1 in Invocations
   828 | D:1      | Reached XP level 3. HP: 36/36 MP: 3/3
   838 | D:1      | Reached skill level 1 in Armour
  1633 | D:2      | Reached skill level 1 in Evocations
  1941 | D:2      | Reached XP level 4. HP: 34/44 MP: 5/5
  2865 | D:3      | Reached skill level 3 in Maces & Flails
  3190 | D:3      | Reached XP level 5. HP: 9/50 MP: 6/6
  3758 | D:3      | Slain by a worker ant

Illustrated notes

Levels and vault maps discovered:
D:1:      giann_wishing_wells, layout_basic
D:2:      layout_basic
D:3:      layout_basic, serial_co_window_serial, co_window_paths_b,
          co_window_paths_b, co_window_corner_a, co_window_of_opportunity_a,
          co_window_corner_a, co_window_2corner, co_window_of_opportunity_c,
          co_window_of_opportunity_c, co_window_corner_b, co_window_corner_b,
          co_window_cross_2, glass_columns_a, glass_columns_c, glass_columns_c,
          glass_columns_b, glass_columns_c

Skill      XL: |  1  2  3  4 |
---------------+-------------+-----
Invocations    | 1 2 |  2.5
Armour         | 1 |  1.8
Evocations     | 1 |  1.6
Maces & Flails | 3 |  3.1
Fighting       | |  2.6
Throwing       | |  2.5
Dodging        | |  2.6

Action                   |  1- 3 |  4- 6 || total
-------------------------+-------+-------++-------
Melee: Flail             |   112 |   113 ||   225
Throw: Stone             |     2 |    11 ||    13
       Throwing net      |     1 |       ||     1
       Boomerang         |       |    17 ||    17
  Use: Scroll            |     7 |       ||     7
       Potion            |     1 |     2 ||     3
Armor: Robe              |    33 |    20 ||    53
Dodge: Dodged            |    60 |    83 ||   143
